Workbook

Sheet Informations requises
B2: Ajoutez vos informations dans les champs gris au texte bleu
B5: Détails du véhicule 1 | E5: Détails du véhicule 2
B6: Véhicule | E6: Véhicule
B7: Marque | C7: RENAULT | E7: Marque | F7: CITROËN
B8: Modèle | C8: ID.3 | E8: Modèle | F8: 308
B9: Prix du véhicule | C9: 28000 | E9: Prix du véhicule | F9: 28000
B10: Type de carburant | C10: Électrique | E10: Type de carburant | F10: Essence
B11: CO2/km (grammes, WLTP) | C11: 0 | E11: CO2/km (grammes, WLTP) | F11: 120
B12: Consommation moteur thermique | D12: litres par 100 km | E12: Consommation moteur thermique | F12: 5 | G12: litres par 100 km
B13: Consommation moteur électrique | C13: 15.5 | D13: KWh par 100 km | E13: Consommation moteur électrique | G13: KWh par 100 km
B15: Contrat | E15: Contrat
B16: Prix du loyer LLD TTC | C16: 589 | E16: Prix du loyer LLD TTC | F16: 589
B17: Kilomètrage annuel | C17: 20000 | E17: Kilomètrage annuel | F17: 20000
B19: Services additionnels | E19: Services additionnels
B20: Assurance TTC | C20: 0 | E20: Assurance TTC | F20: 0
B21: Pneus TTC | C21: 0 | E21: Pneus TTC | F21: 0
B23: Entreprise | E23: Entreprise
B24: Impôt sur les Sociétés | C24: 0.25 | E24: Impôt sur les Sociétés | F24: 0.25
B25: Charges patronales sur l'AEN | C25: 0.25 | E25: Charges patronales sur l'AEN | F25: 0.25
B27: Hypothèses sur le carburant | E27: Hypothèses sur le carburant
B28: Prix du diesel (par litre) | C28: 1.63 | E28: Prix du diesel (par litre) | F28: 1.63
B29: Prix de l'essence (par litre) | C29: 1.75 | E29: Prix de l'essence (par litre) | F29: 1.75
B30: Prix de l'électricité (par kwh) | C30: 0.2 | E30: Prix de l'électricité (par kwh) | F30: 0.2

Sheet Calculateur TCO
B1: Calculateur du TCO mensuel
B2: Coût total de possession pour l'employeur mensuel
B4: ='Informations requises'!C7&" "&'Informations requises'!C8 -> RENAULT ID.3 | E4: ='Informations requises'!F7&" "&'Informations requises'!F8 -> CITROËN 308
B5: Coûts autres que le carburant TTC | E5: Coûts autres que le carburant TTC
B6: Loyer LLD | C6: ='Informations requises'!$C$16 -> 589 | E6: Loyer LLD | F6: ='Informations requises'!F16 -> 589
B7: Assurance | C7: ='Informations requises'!C20 -> 0 | E7: Assurance | F7: ='Informations requises'!F20 -> 0
B8: Pneus | C8: ='Informations requises'!C21 -> 0 | E8: Pneus | F8: ='Informations requises'!F21 -> 0
B9: Total | C9: =SUM(C6:C8) -> 589 | E9: Total | F9: =SUM(F6:F8) -> 589
B11: Coûts de carburant net | E11: Coûts de carburant net
B12: Coût TTC | C12: =IF('Informations requises'!C10="Diesel", 'Informations requises'!C17/12/100*'Informations requises'!C28*'Informations requises'!C12, 'Informations requises'!C17/12/100*'Informations requises'!C29*'Informations requises'!C12+'Informations requises'!C17/12/100*'Informations requises'!C13*'Informations requises'!C30) -> 51.666667 | E12: Coût TTC | F12: =IF('Informations requises'!F10="Diesel", 'Informations requises'!F17/12/100*'Informations requises'!F28*'Informations requises'!F12, 'Informations requises'!F17/12/100*'Informations requises'!F29*'Informations requises'!F12+'Informations requises'!F17/12/100*'Informations requises'!F13*'Informations requises'!F30) -> 145.83333
B13: % de déductibilité de la TVA | C13: =IF('Informations requises'!C10="Électrique",100%,80%) -> 1 | E13: % de déductibilité de la TVA | F13: =IF('Informations requises'!F10="Électrique",100%,80%) -> 0.8
B14: Total | C14: =C12*(1-22%*C13) -> 40.3 | E14: Total | F14: =F12*(1-22%*F13) -> 120.16667
B16: Réduction de l'impôt sur les sociétes après réintagration de l'AND | E16: Réduction de l'impôt sur les sociétes après réintagration de l'AND
B17: Coûts totaux | C17: =C9+C14 -> 629.3 | E17: Coûts totaux | F17: =F9+F14 -> 709.16667
B18: Réintegration AND (Amortissements non-déductible) | C18: =-MAX(('Informations requises'!C9-VLOOKUP('Informations requises'!C11,AND!B4:C7,2,1))/60,0) -> 0 | E18: Réintegration AND (Amortissements non-déductible) | F18: =-MAX(('Informations requises'!F9-VLOOKUP('Informations requises'!F11,AND!B4:C7,2,1))/60,0) -> -161.66667
B19: Partie déductible | C19: =C17+C18 -> 629.3 | E19: Partie déductible | F19: =F17+F18 -> 547.5
B20: Total | C20: =-C19*'Informations requises'!C24 -> -157.325 | E20: Total | F20: =-F19*'Informations requises'!F24 -> -136.875
B22: Taxes sur l'affectation des véhicules à des fins économiques (ex-TVS) | E22: Taxes sur l'affectation des véhicules à des fins économiques (ex-TVS)
B23: Taxe annuelle sur les émissions de CO2 | C23: {=INDEX('Taxe annuelle sur les émissions'!B:B,MATCH('Informations requises'!C11,'Taxe annuelle sur les émissions'!A:A,0))/12} -> 0 | E23: Taxe annuelle sur les émissions de CO2 | F23: {=INDEX('Taxe annuelle sur les émissions'!B:B,MATCH('Informations requises'!F11,'Taxe annuelle sur les émissions'!A:A,0))/12} -> 23.083333
B24: Taxe annuelle sur les polluants atmosphériques | C24: {=INDEX('Taxe annuelle sur les polluants'!$B:$B,MATCH('Informations requises'!C10,'Taxe annuelle sur les polluants'!$A:$A,0),1)/12} -> 0 | E24: Taxe annuelle sur les polluants atmosphériques | F24: {=INDEX('Taxe annuelle sur les polluants'!$B:$B,MATCH('Informations requises'!F10,'Taxe annuelle sur les polluants'!$A:$A,0),1)/12} -> 8.3333333
B25: Total | C25: =SUM(C23:C24) -> 0 | E25: Total | F25: =SUM(F23:F24) -> 31.416667
B27: Charges patronales sur l'avantage en nature (AEN) | E27: Charges patronales sur l'avantage en nature (AEN)
B28: Avantage en nature | C28: =C6*30%*IF('Informations requises'!C10="Électrique",50%,100%) -> 88.35 | E28: Avantage en nature | F28: =F6*30%*IF('Informations requises'!F10="Électrique",50%,100%) -> 176.7
B29: Charges patronales sur AEN | C29: ='Informations requises'!C25 -> 0.25 | E29: Charges patronales sur AEN | F29: ='Informations requises'!F25 -> 0.25
B30: Total | C30: =C28*C29*(1-'Informations requises'!C24) -> 16.565625 | E30: Total | F30: =F28*F29*(1-'Informations requises'!F24) -> 33.13125
B32: Total | E32: Total
B33: Total TCO / cash-out | C33: =C9+C14+C20+C25+C30 -> 488.54062 | E33: Total TCO / cash-out | F33: =F9+F14+F20+F25+F30 -> 636.83958

Sheet Informations du véhicule
B1: Consultez facilement toutes les informations de chaque véhicule depuis notre plateforme.
B2: Détails du véhicule
B3: Véhicule
B4: Plaque d'immatriculation
B5: Marque | C5: Volkswagen
B6: Modèle | C6: Tiguan 3.6
B7: Prix du véhicule | C7: 40800
B8: Type de carburant | C8: =IFERROR(__xludf.DUMMYFUNCTION("index(FuelTypes!A2:A5,match(INDEX(IMPORTRANGE(""1J8ROb2gezlPOZ4zmFeQUXsJniyCnwGuqfx7mzpaLhuI"", ""TCO input!E:E""), MATCH($C$4, IMPORTRANGE(""1J8ROb2gezlPOZ4zmFeQUXsJniyCnwGuqfx7mzpaLhuI"", ""TCO input!A:A""), 0)),FuelTypes!$B$2:$B$5,0),1)"),"Hybride") -> Hybride
B9: CO2/km (grammes) | C9: 139 g/km
B10: Consommation moteur thermique | C10: 0.7
B11: Consommation moteur électrique | C11: 17.6

Sheet AND
B3: Lookup key | C3: WLTP
A4: = <19 g/km | B4: 0 | C4: 30000
A5: de 20 à 49 g/km | B5: 20 | C5: 20300
A6: de 50 à 160 g/km | B6: 50 | C6: 18300
A7: > 160 g/km | B7: 161 | C7: 9900

Sheet Taxe annuelle sur les émissions
A2: Summary | B2: Summary | E2: Calculation per bucket - 2024
E3: 14 | H3: 55 | K3: 63 | N3: 95 | Q3: 116 | T3: 135 | W3: 155 | Z3: 175 | AC3: 10000
A4: CO2 | B4: 2024 | E4: Appicable amount | F4: CO2 grams in scope | G4: Tax per bucket | H4: Appicable amount | I4: CO2 grams in scope | J4: Tax per bucket | K4: Appicable amount | L4: CO2 grams in scope | M4: Tax per bucket | N4: Appicable amount | O4: CO2 grams in scope | P4: Tax per bucket | Q4: Appicable amount | R4: CO2 grams in scope | S4: Tax per bucket | T4: Appicable amount | U4: CO2 grams in scope | V4: Tax per bucket | W4: Appicable amount | X4: CO2 grams in scope | Y4: Tax per bucket | Z4: Appicable amount | AA4: CO2 grams in scope | AB4: Tax per bucket | AC4: Appicable amount | AD4: CO2 grams in scope | AE4: Tax per bucket
A5: 0 | B5: =SUM(G5,J5,M5,P5,S5,V5,Y5,AB5,AE5) -> 0 | E5: 0 | F5: =MAX(MIN(E$3,A5),0) -> 0 | G5: =F5*E5 -> 0 | H5: 1 | I5: =MAX(MAX(MIN(H$3,A5),0)-E$3,0) -> 0 | J5: =I5*H5 -> 0 | K5: 2 | L5: =MAX(MAX(MIN(K$3,A5),0)-H$3,0) -> 0 | M5: =L5*K5 -> 0 | N5: 3 | O5: =MAX(MAX(MIN(N$3,A5),0)-K$3,0) -> 0 | P5: =O5*N5 -> 0 | Q5: 4 | R5: =MAX(MAX(MIN(Q$3,A5),0)-N$3,0) -> 0 | S5: =R5*Q5 -> 0 | T5: 10 | U5: =MAX(MAX(MIN(T$3,A5),0)-Q$3,0) -> 0 | V5: =U5*T5 -> 0 | W5: 50 | X5: =MAX(MAX(MIN(W$3,A5),0)-T$3,0) -> 0 | Y5: =X5*W5 -> 0 | Z5: 60 | AA5: =MAX(MAX(MIN(Z$3,A5),0)-W$3,0) -> 0 | AB5: =AA5*Z5 -> 0 | AC5: 65 | AD5: =MAX(MAX(MIN(AC$3,A5),0)-Z$3,0) -> 0 | AE5: =AD5*AC5 -> 0
A6: =A5+1 -> 1 | B6: =SUM(G6,J6,M6,P6,S6,V6,Y6,AB6,AE6) -> 0 | E6: 0 | F6: =MAX(MIN(E$3,A6),0) -> 1 | G6: =F6*E6 -> 0 | H6: 1 | I6: =MAX(MAX(MIN(H$3,A6),0)-E$3,0) -> 0 | J6: =I6*H6 -> 0 | K6: 2 | L6: =MAX(MAX(MIN(K$3,A6),0)-H$3,0) -> 0 | M6: =L6*K6 -> 0 | N6: 3 | O6: =MAX(MAX(MIN(N$3,A6),0)-K$3,0) -> 0 | P6: =O6*N6 -> 0 | Q6: 4 | R6: =MAX(MAX(MIN(Q$3,A6),0)-N$3,0) -> 0 | S6: =R6*Q6 -> 0 | T6: 10 | U6: =MAX(MAX(MIN(T$3,A6),0)-Q$3,0) -> 0 | V6: =U6*T6 -> 0 | W6: 50 | X6: =MAX(MAX(MIN(W$3,A6),0)-T$3,0) -> 0 | Y6: =X6*W6 -> 0 | Z6: 60 | AA6: =MAX(MAX(MIN(Z$3,A6),0)-W$3,0) -> 0 | AB6: =AA6*Z6 -> 0 | AC6: 65 | AD6: =MAX(MAX(MIN(AC$3,A6),0)-Z$3,0) -> 0 | AE6: =AD6*AC6 -> 0
A7: =A6+1 -> 2 | B7: =SUM(G7,J7,M7,P7,S7,V7,Y7,AB7,AE7) -> 0 | E7: 0 | F7: =MAX(MIN(E$3,A7),0) -> 2 | G7: =F7*E7 -> 0 | H7: 1 | I7: =MAX(MAX(MIN(H$3,A7),0)-E$3,0) -> 0 | J7: =I7*H7 -> 0 | K7: 2 | L7: =MAX(MAX(MIN(K$3,A7),0)-H$3,0) -> 0 | M7: =L7*K7 -> 0 | N7: 3 | O7: =MAX(MAX(MIN(N$3,A7),0)-K$3,0) -> 0 | P7: =O7*N7 -> 0 | Q7: 4 | R7: =MAX(MAX(MIN(Q$3,A7),0)-N$3,0) -> 0 | S7: =R7*Q7 -> 0 | T7: 10 | U7: =MAX(MAX(MIN(T$3,A7),0)-Q$3,0) -> 0 | V7: =U7*T7 -> 0 | W7: 50 | X7: =MAX(MAX(MIN(W$3,A7),0)-T$3,0) -> 0 | Y7: =X7*W7 -> 0 | Z7: 60 | AA7: =MAX(MAX(MIN(Z$3,A7),0)-W$3,0) -> 0 | AB7: =AA7*Z7 -> 0 | AC7: 65 | AD7: =MAX(MAX(MIN(AC$3,A7),0)-Z$3,0) -> 0 | AE7: =AD7*AC7 -> 0
A8: =A7+1 -> 3 | B8: =SUM(G8,J8,M8,P8,S8,V8,Y8,AB8,AE8) -> 0 | E8: 0 | F8: =MAX(MIN(E$3,A8),0) -> 3 | G8: =F8*E8 -> 0 | H8: 1 | I8: =MAX(MAX(MIN(H$3,A8),0)-E$3,0) -> 0 | J8: =I8*H8 -> 0 | K8: 2 | L8: =MAX(MAX(MIN(K$3,A8),0)-H$3,0) -> 0 | M8: =L8*K8 -> 0 | N8: 3 | O8: =MAX(MAX(MIN(N$3,A8),0)-K$3,0) -> 0 | P8: =O8*N8 -> 0 | Q8: 4 | R8: =MAX(MAX(MIN(Q$3,A8),0)-N$3,0) -> 0 | S8: =R8*Q8 -> 0 | T8: 10 | U8: =MAX(MAX(MIN(T$3,A8),0)-Q$3,0) -> 0 | V8: =U8*T8 -> 0 | W8: 50 | X8: =MAX(MAX(MIN(W$3,A8),0)-T$3,0) -> 0 | Y8: =X8*W8 -> 0 | Z8: 60 | AA8: =MAX(MAX(MIN(Z$3,A8),0)-W$3,0) -> 0 | AB8: =AA8*Z8 -> 0 | AC8: 65 | AD8: =MAX(MAX(MIN(AC$3,A8),0)-Z$3,0) -> 0 | AE8: =AD8*AC8 -> 0
A9: =A8+1 -> 4 | B9: =SUM(G9,J9,M9,P9,S9,V9,Y9,AB9,AE9) -> 0 | E9: 0 | F9: =MAX(MIN(E$3,A9),0) -> 4 | G9: =F9*E9 -> 0 | H9: 1 | I9: =MAX(MAX(MIN(H$3,A9),0)-E$3,0) -> 0 | J9: =I9*H9 -> 0 | K9: 2 | L9: =MAX(MAX(MIN(K$3,A9),0)-H$3,0) -> 0 | M9: =L9*K9 -> 0 | N9: 3 | O9: =MAX(MAX(MIN(N$3,A9),0)-K$3,0) -> 0 | P9: =O9*N9 -> 0 | Q9: 4 | R9: =MAX(MAX(MIN(Q$3,A9),0)-N$3,0) -> 0 | S9: =R9*Q9 -> 0 | T9: 10 | U9: =MAX(MAX(MIN(T$3,A9),0)-Q$3,0) -> 0 | V9: =U9*T9 -> 0 | W9: 50 | X9: =MAX(MAX(MIN(W$3,A9),0)-T$3,0) -> 0 | Y9: =X9*W9 -> 0 | Z9: 60 | AA9: =MAX(MAX(MIN(Z$3,A9),0)-W$3,0) -> 0 | AB9: =AA9*Z9 -> 0 | AC9: 65 | AD9: =MAX(MAX(MIN(AC$3,A9),0)-Z$3,0) -> 0 | AE9: =AD9*AC9 -> 0
A10: =A9+1 -> 5 | B10: =SUM(G10,J10,M10,P10,S10,V10,Y10,AB10,AE10) -> 0 | E10: 0 | F10: =MAX(MIN(E$3,A10),0) -> 5 | G10: =F10*E10 -> 0 | H10: 1 | I10: =MAX(MAX(MIN(H$3,A10),0)-E$3,0) -> 0 | J10: =I10*H10 -> 0 | K10: 2 | L10: =MAX(MAX(MIN(K$3,A10),0)-H$3,0) -> 0 | M10: =L10*K10 -> 0 | N10: 3 | O10: =MAX(MAX(MIN(N$3,A10),0)-K$3,0) -> 0 | P10: =O10*N10 -> 0 | Q10: 4 | R10: =MAX(MAX(MIN(Q$3,A10),0)-N$3,0) -> 0 | S10: =R10*Q10 -> 0 | T10: 10 | U10: =MAX(MAX(MIN(T$3,A10),0)-Q$3,0) -> 0 | V10: =U10*T10 -> 0 | W10: 50 | X10: =MAX(MAX(MIN(W$3,A10),0)-T$3,0) -> 0 | Y10: =X10*W10 -> 0 | Z10: 60 | AA10: =MAX(MAX(MIN(Z$3,A10),0)-W$3,0) -> 0 | AB10: =AA10*Z10 -> 0 | AC10: 65 | AD10: =MAX(MAX(MIN(AC$3,A10),0)-Z$3,0) -> 0 | AE10: =AD10*AC10 -> 0
A11: =A10+1 -> 6 | B11: =SUM(G11,J11,M11,P11,S11,V11,Y11,AB11,AE11) -> 0 | E11: 0 | F11: =MAX(MIN(E$3,A11),0) -> 6 | G11: =F11*E11 -> 0 | H11: 1 | I11: =MAX(MAX(MIN(H$3,A11),0)-E$3,0) -> 0 | J11: =I11*H11 -> 0 | K11: 2 | L11: =MAX(MAX(MIN(K$3,A11),0)-H$3,0) -> 0 | M11: =L11*K11 -> 0 | N11: 3 | O11: =MAX(MAX(MIN(N$3,A11),0)-K$3,0) -> 0 | P11: =O11*N11 -> 0 | Q11: 4 | R11: =MAX(MAX(MIN(Q$3,A11),0)-N$3,0) -> 0 | S11: =R11*Q11 -> 0 | T11: 10 | U11: =MAX(MAX(MIN(T$3,A11),0)-Q$3,0) -> 0 | V11: =U11*T11 -> 0 | W11: 50 | X11: =MAX(MAX(MIN(W$3,A11),0)-T$3,0) -> 0 | Y11: =X11*W11 -> 0 | Z11: 60 | AA11: =MAX(MAX(MIN(Z$3,A11),0)-W$3,0) -> 0 | AB11: =AA11*Z11 -> 0 | AC11: 65 | AD11: =MAX(MAX(MIN(AC$3,A11),0)-Z$3,0) -> 0 | AE11: =AD11*AC11 -> 0
A12: =A11+1 -> 7 | B12: =SUM(G12,J12,M12,P12,S12,V12,Y12,AB12,AE12) -> 0 | E12: 0 | F12: =MAX(MIN(E$3,A12),0) -> 7 | G12: =F12*E12 -> 0 | H12: 1 | I12: =MAX(MAX(MIN(H$3,A12),0)-E$3,0) -> 0 | J12: =I12*H12 -> 0 | K12: 2 | L12: =MAX(MAX(MIN(K$3,A12),0)-H$3,0) -> 0 | M12: =L12*K12 -> 0 | N12: 3 | O12: =MAX(MAX(MIN(N$3,A12),0)-K$3,0) -> 0 | P12: =O12*N12 -> 0 | Q12: 4 | R12: =MAX(MAX(MIN(Q$3,A12),0)-N$3,0) -> 0 | S12: =R12*Q12 -> 0 | T12: 10 | U12: =MAX(MAX(MIN(T$3,A12),0)-Q$3,0) -> 0 | V12: =U12*T12 -> 0 | W12: 50 | X12: =MAX(MAX(MIN(W$3,A12),0)-T$3,0) -> 0 | Y12: =X12*W12 -> 0 | Z12: 60 | AA12: =MAX(MAX(MIN(Z$3,A12),0)-W$3,0) -> 0 | AB12: =AA12*Z12 -> 0 | AC12: 65 | AD12: =MAX(MAX(MIN(AC$3,A12),0)-Z$3,0) -> 0 | AE12: =AD12*AC12 -> 0
A13: =A12+1 -> 8 | B13: =SUM(G13,J13,M13,P13,S13,V13,Y13,AB13,AE13) -> 0 | E13: 0 | F13: =MAX(MIN(E$3,A13),0) -> 8 | G13: =F13*E13 -> 0 | H13: 1 | I13: =MAX(MAX(MIN(H$3,A13),0)-E$3,0) -> 0 | J13: =I13*H13 -> 0 | K13: 2 | L13: =MAX(MAX(MIN(K$3,A13),0)-H$3,0) -> 0 | M13: =L13*K13 -> 0 | N13: 3 | O13: =MAX(MAX(MIN(N$3,A13),0)-K$3,0) -> 0 | P13: =O13*N13 -> 0 | Q13: 4 | R13: =MAX(MAX(MIN(Q$3,A13),0)-N$3,0) -> 0 | S13: =R13*Q13 -> 0 | T13: 10 | U13: =MAX(MAX(MIN(T$3,A13),0)-Q$3,0) -> 0 | V13: =U13*T13 -> 0 | W13: 50 | X13: =MAX(MAX(MIN(W$3,A13),0)-T$3,0) -> 0 | Y13: =X13*W13 -> 0 | Z13: 60 | AA13: =MAX(MAX(MIN(Z$3,A13),0)-W$3,0) -> 0 | AB13: =AA13*Z13 -> 0 | AC13: 65 | AD13: =MAX(MAX(MIN(AC$3,A13),0)-Z$3,0) -> 0 | AE13: =AD13*AC13 -> 0
A14: =A13+1 -> 9 | B14: =SUM(G14,J14,M14,P14,S14,V14,Y14,AB14,AE14) -> 0 | E14: 0 | F14: =MAX(MIN(E$3,A14),0) -> 9 | G14: =F14*E14 -> 0 | H14: 1 | I14: =MAX(MAX(MIN(H$3,A14),0)-E$3,0) -> 0 | J14: =I14*H14 -> 0 | K14: 2 | L14: =MAX(MAX(MIN(K$3,A14),0)-H$3,0) -> 0 | M14: =L14*K14 -> 0 | N14: 3 | O14: =MAX(MAX(MIN(N$3,A14),0)-K$3,0) -> 0 | P14: =O14*N14 -> 0 | Q14: 4 | R14: =MAX(MAX(MIN(Q$3,A14),0)-N$3,0) -> 0 | S14: =R14*Q14 -> 0 | T14: 10 | U14: =MAX(MAX(MIN(T$3,A14),0)-Q$3,0) -> 0 | V14: =U14*T14 -> 0 | W14: 50 | X14: =MAX(MAX(MIN(W$3,A14),0)-T$3,0) -> 0 | Y14: =X14*W14 -> 0 | Z14: 60 | AA14: =MAX(MAX(MIN(Z$3,A14),0)-W$3,0) -> 0 | AB14: =AA14*Z14 -> 0 | AC14: 65 | AD14: =MAX(MAX(MIN(AC$3,A14),0)-Z$3,0) -> 0 | AE14: =AD14*AC14 -> 0
A15: =A14+1 -> 10 | B15: =SUM(G15,J15,M15,P15,S15,V15,Y15,AB15,AE15) -> 0 | E15: 0 | F15: =MAX(MIN(E$3,A15),0) -> 10 | G15: =F15*E15 -> 0 | H15: 1 | I15: =MAX(MAX(MIN(H$3,A15),0)-E$3,0) -> 0 | J15: =I15*H15 -> 0 | K15: 2 | L15: =MAX(MAX(MIN(K$3,A15),0)-H$3,0) -> 0 | M15: =L15*K15 -> 0 | N15: 3 | O15: =MAX(MAX(MIN(N$3,A15),0)-K$3,0) -> 0 | P15: =O15*N15 -> 0 | Q15: 4 | R15: =MAX(MAX(MIN(Q$3,A15),0)-N$3,0) -> 0 | S15: =R15*Q15 -> 0 | T15: 10 | U15: =MAX(MAX(MIN(T$3,A15),0)-Q$3,0) -> 0 | V15: =U15*T15 -> 0 | W15: 50 | X15: =MAX(MAX(MIN(W$3,A15),0)-T$3,0) -> 0 | Y15: =X15*W15 -> 0 | Z15: 60 | AA15: =MAX(MAX(MIN(Z$3,A15),0)-W$3,0) -> 0 | AB15: =AA15*Z15 -> 0 | AC15: 65 | AD15: =MAX(MAX(MIN(AC$3,A15),0)-Z$3,0) -> 0 | AE15: =AD15*AC15 -> 0
A16: =A15+1 -> 11 | B16: =SUM(G16,J16,M16,P16,S16,V16,Y16,AB16,AE16) -> 0 | E16: 0 | F16: =MAX(MIN(E$3,A16),0) -> 11 | G16: =F16*E16 -> 0 | H16: 1 | I16: =MAX(MAX(MIN(H$3,A16),0)-E$3,0) -> 0 | J16: =I16*H16 -> 0 | K16: 2 | L16: =MAX(MAX(MIN(K$3,A16),0)-H$3,0) -> 0 | M16: =L16*K16 -> 0 | N16: 3 | O16: =MAX(MAX(MIN(N$3,A16),0)-K$3,0) -> 0 | P16: =O16*N16 -> 0 | Q16: 4 | R16: =MAX(MAX(MIN(Q$3,A16),0)-N$3,0) -> 0 | S16: =R16*Q16 -> 0 | T16: 10 | U16: =MAX(MAX(MIN(T$3,A16),0)-Q$3,0) -> 0 | V16: =U16*T16 -> 0 | W16: 50 | X16: =MAX(MAX(MIN(W$3,A16),0)-T$3,0) -> 0 | Y16: =X16*W16 -> 0 | Z16: 60 | AA16: =MAX(MAX(MIN(Z$3,A16),0)-W$3,0) -> 0 | AB16: =AA16*Z16 -> 0 | AC16: 65 | AD16: =MAX(MAX(MIN(AC$3,A16),0)-Z$3,0) -> 0 | AE16: =AD16*AC16 -> 0
A17: =A16+1 -> 12 | B17: =SUM(G17,J17,M17,P17,S17,V17,Y17,AB17,AE17) -> 0 | E17: 0 | F17: =MAX(MIN(E$3,A17),0) -> 12 | G17: =F17*E17 -> 0 | H17: 1 | I17: =MAX(MAX(MIN(H$3,A17),0)-E$3,0) -> 0 | J17: =I17*H17 -> 0 | K17: 2 | L17: =MAX(MAX(MIN(K$3,A17),0)-H$3,0) -> 0 | M17: =L17*K17 -> 0 | N17: 3 | O17: =MAX(MAX(MIN(N$3,A17),0)-K$3,0) -> 0 | P17: =O17*N17 -> 0 | Q17: 4 | R17: =MAX(MAX(MIN(Q$3,A17),0)-N$3,0) -> 0 | S17: =R17*Q17 -> 0 | T17: 10 | U17: =MAX(MAX(MIN(T$3,A17),0)-Q$3,0) -> 0 | V17: =U17*T17 -> 0 | W17: 50 | X17: =MAX(MAX(MIN(W$3,A17),0)-T$3,0) -> 0 | Y17: =X17*W17 -> 0 | Z17: 60 | AA17: =MAX(MAX(MIN(Z$3,A17),0)-W$3,0) -> 0 | AB17: =AA17*Z17 -> 0 | AC17: 65 | AD17: =MAX(MAX(MIN(AC$3,A17),0)-Z$3,0) -> 0 | AE17: =AD17*AC17 -> 0
... A25: =A24+1 -> 20 | B25: =SUM(G25,J25,M25,P25,S25,V25,Y25,AB25,AE25) -> 6 | E25: 0 | F25: =MAX(MIN(E$3,A25),0) -> 14 | G25: =F25*E25 -> 0 | H25: 1 | I25: =MAX(MAX(MIN(H$3,A25),0)-E$3,0) -> 6 | J25: =I25*H25 -> 6 | K25: 2 | L25: =MAX(MAX(MIN(K$3,A25),0)-H$3,0) -> 0 | M25: =L25*K25 -> 0 | N25: 3 | O25: =MAX(MAX(MIN(N$3,A25),0)-K$3,0) -> 0 | P25: =O25*N25 -> 0 | Q25: 4 | R25: =MAX(MAX(MIN(Q$3,A25),0)-N$3,0) -> 0 | S25: =R25*Q25 -> 0 | T25: 10 | U25: =MAX(MAX(MIN(T$3,A25),0)-Q$3,0) -> 0 | V25: =U25*T25 -> 0 | W25: 50 | X25: =MAX(MAX(MIN(W$3,A25),0)-T$3,0) -> 0 | Y25: =X25*W25 -> 0 | Z25: 60 | AA25: =MAX(MAX(MIN(Z$3,A25),0)-W$3,0) -> 0 | AB25: =AA25*Z25 -> 0 | AC25: 65 | AD25: =MAX(MAX(MIN(AC$3,A25),0)-Z$3,0) -> 0 | AE25: =AD25*AC25 -> 0
A26: 21 | B26: =SUM(G26,J26,M26,P26,S26,V26,Y26,AB26,AE26) -> 7 | E26: 0 | F26: =MAX(MIN(E$3,A26),0) -> 14 | G26: =F26*E26 -> 0 | H26: 1 | I26: =MAX(MAX(MIN(H$3,A26),0)-E$3,0) -> 7 | J26: =I26*H26 -> 7 | K26: 2 | L26: =MAX(MAX(MIN(K$3,A26),0)-H$3,0) -> 0 | M26: =L26*K26 -> 0 | N26: 3 | O26: =MAX(MAX(MIN(N$3,A26),0)-K$3,0) -> 0 | P26: =O26*N26 -> 0 | Q26: 4 | R26: =MAX(MAX(MIN(Q$3,A26),0)-N$3,0) -> 0 | S26: =R26*Q26 -> 0 | T26: 10 | U26: =MAX(MAX(MIN(T$3,A26),0)-Q$3,0) -> 0 | V26: =U26*T26 -> 0 | W26: 50 | X26: =MAX(MAX(MIN(W$3,A26),0)-T$3,0) -> 0 | Y26: =X26*W26 -> 0 | Z26: 60 | AA26: =MAX(MAX(MIN(Z$3,A26),0)-W$3,0) -> 0 | AB26: =AA26*Z26 -> 0 | AC26: 65 | AD26: =MAX(MAX(MIN(AC$3,A26),0)-Z$3,0) -> 0 | AE26: =AD26*AC26 -> 0
A27: 22 | B27: =SUM(G27,J27,M27,P27,S27,V27,Y27,AB27,AE27) -> 8 | E27: 0 | F27: =MAX(MIN(E$3,A27),0) -> 14 | G27: =F27*E27 -> 0 | H27: 1 | I27: =MAX(MAX(MIN(H$3,A27),0)-E$3,0) -> 8 | J27: =I27*H27 -> 8 | K27: 2 | L27: =MAX(MAX(MIN(K$3,A27),0)-H$3,0) -> 0 | M27: =L27*K27 -> 0 | N27: 3 | O27: =MAX(MAX(MIN(N$3,A27),0)-K$3,0) -> 0 | P27: =O27*N27 -> 0 | Q27: 4 | R27: =MAX(MAX(MIN(Q$3,A27),0)-N$3,0) -> 0 | S27: =R27*Q27 -> 0 | T27: 10 | U27: =MAX(MAX(MIN(T$3,A27),0)-Q$3,0) -> 0 | V27: =U27*T27 -> 0 | W27: 50 | X27: =MAX(MAX(MIN(W$3,A27),0)-T$3,0) -> 0 | Y27: =X27*W27 -> 0 | Z27: 60 | AA27: =MAX(MAX(MIN(Z$3,A27),0)-W$3,0) -> 0 | AB27: =AA27*Z27 -> 0 | AC27: 65 | AD27: =MAX(MAX(MIN(AC$3,A27),0)-Z$3,0) -> 0 | AE27: =AD27*AC27 -> 0
A28: =A27+1 -> 23 | B28: =SUM(G28,J28,M28,P28,S28,V28,Y28,AB28,AE28) -> 9 | E28: 0 | F28: =MAX(MIN(E$3,A28),0) -> 14 | G28: =F28*E28 -> 0 | H28: 1 | I28: =MAX(MAX(MIN(H$3,A28),0)-E$3,0) -> 9 | J28: =I28*H28 -> 9 | K28: 2 | L28: =MAX(MAX(MIN(K$3,A28),0)-H$3,0) -> 0 | M28: =L28*K28 -> 0 | N28: 3 | O28: =MAX(MAX(MIN(N$3,A28),0)-K$3,0) -> 0 | P28: =O28*N28 -> 0 | Q28: 4 | R28: =MAX(MAX(MIN(Q$3,A28),0)-N$3,0) -> 0 | S28: =R28*Q28 -> 0 | T28: 10 | U28: =MAX(MAX(MIN(T$3,A28),0)-Q$3,0) -> 0 | V28: =U28*T28 -> 0 | W28: 50 | X28: =MAX(MAX(MIN(W$3,A28),0)-T$3,0) -> 0 | Y28: =X28*W28 -> 0 | Z28: 60 | AA28: =MAX(MAX(MIN(Z$3,A28),0)-W$3,0) -> 0 | AB28: =AA28*Z28 -> 0 | AC28: 65 | AD28: =MAX(MAX(MIN(AC$3,A28),0)-Z$3,0) -> 0 | AE28: =AD28*AC28 -> 0
A29: =A28+1 -> 24 | B29: =SUM(G29,J29,M29,P29,S29,V29,Y29,AB29,AE29) -> 10 | E29: 0 | F29: =MAX(MIN(E$3,A29),0) -> 14 | G29: =F29*E29 -> 0 | H29: 1 | I29: =MAX(MAX(MIN(H$3,A29),0)-E$3,0) -> 10 | J29: =I29*H29 -> 10 | K29: 2 | L29: =MAX(MAX(MIN(K$3,A29),0)-H$3,0) -> 0 | M29: =L29*K29 -> 0 | N29: 3 | O29: =MAX(MAX(MIN(N$3,A29),0)-K$3,0) -> 0 | P29: =O29*N29 -> 0 | Q29: 4 | R29: =MAX(MAX(MIN(Q$3,A29),0)-N$3,0) -> 0 | S29: =R29*Q29 -> 0 | T29: 10 | U29: =MAX(MAX(MIN(T$3,A29),0)-Q$3,0) -> 0 | V29: =U29*T29 -> 0 | W29: 50 | X29: =MAX(MAX(MIN(W$3,A29),0)-T$3,0) -> 0 | Y29: =X29*W29 -> 0 | Z29: 60 | AA29: =MAX(MAX(MIN(Z$3,A29),0)-W$3,0) -> 0 | AB29: =AA29*Z29 -> 0 | AC29: 65 | AD29: =MAX(MAX(MIN(AC$3,A29),0)-Z$3,0) -> 0 | AE29: =AD29*AC29 -> 0
A30: =A29+1 -> 25 | B30: =SUM(G30,J30,M30,P30,S30,V30,Y30,AB30,AE30) -> 11 | E30: 0 | F30: =MAX(MIN(E$3,A30),0) -> 14 | G30: =F30*E30 -> 0 | H30: 1 | I30: =MAX(MAX(MIN(H$3,A30),0)-E$3,0) -> 11 | J30: =I30*H30 -> 11 | K30: 2 | L30: =MAX(MAX(MIN(K$3,A30),0)-H$3,0) -> 0 | M30: =L30*K30 -> 0 | N30: 3 | O30: =MAX(MAX(MIN(N$3,A30),0)-K$3,0) -> 0 | P30: =O30*N30 -> 0 | Q30: 4 | R30: =MAX(MAX(MIN(Q$3,A30),0)-N$3,0) -> 0 | S30: =R30*Q30 -> 0 | T30: 10 | U30: =MAX(MAX(MIN(T$3,A30),0)-Q$3,0) -> 0 | V30: =U30*T30 -> 0 | W30: 50 | X30: =MAX(MAX(MIN(W$3,A30),0)-T$3,0) -> 0 | Y30: =X30*W30 -> 0 | Z30: 60 | AA30: =MAX(MAX(MIN(Z$3,A30),0)-W$3,0) -> 0 | AB30: =AA30*Z30 -> 0 | AC30: 65 | AD30: =MAX(MAX(MIN(AC$3,A30),0)-Z$3,0) -> 0 | AE30: =AD30*AC30 -> 0
A31: =A30+1 -> 26 | B31: =SUM(G31,J31,M31,P31,S31,V31,Y31,AB31,AE31) -> 12 | E31: 0 | F31: =MAX(MIN(E$3,A31),0) -> 14 | G31: =F31*E31 -> 0 | H31: 1 | I31: =MAX(MAX(MIN(H$3,A31),0)-E$3,0) -> 12 | J31: =I31*H31 -> 12 | K31: 2 | L31: =MAX(MAX(MIN(K$3,A31),0)-H$3,0) -> 0 | M31: =L31*K31 -> 0 | N31: 3 | O31: =MAX(MAX(MIN(N$3,A31),0)-K$3,0) -> 0 | P31: =O31*N31 -> 0 | Q31: 4 | R31: =MAX(MAX(MIN(Q$3,A31),0)-N$3,0) -> 0 | S31: =R31*Q31 -> 0 | T31: 10 | U31: =MAX(MAX(MIN(T$3,A31),0)-Q$3,0) -> 0 | V31: =U31*T31 -> 0 | W31: 50 | X31: =MAX(MAX(MIN(W$3,A31),0)-T$3,0) -> 0 | Y31: =X31*W31 -> 0 | Z31: 60 | AA31: =MAX(MAX(MIN(Z$3,A31),0)-W$3,0) -> 0 | AB31: =AA31*Z31 -> 0 | AC31: 65 | AD31: =MAX(MAX(MIN(AC$3,A31),0)-Z$3,0) -> 0 | AE31: =AD31*AC31 -> 0
A32: =A31+1 -> 27 | B32: =SUM(G32,J32,M32,P32,S32,V32,Y32,AB32,AE32) -> 13 | E32: 0 | F32: =MAX(MIN(E$3,A32),0) -> 14 | G32: =F32*E32 -> 0 | H32: 1 | I32: =MAX(MAX(MIN(H$3,A32),0)-E$3,0) -> 13 | J32: =I32*H32 -> 13 | K32: 2 | L32: =MAX(MAX(MIN(K$3,A32),0)-H$3,0) -> 0 | M32: =L32*K32 -> 0 | N32: 3 | O32: =MAX(MAX(MIN(N$3,A32),0)-K$3,0) -> 0 | P32: =O32*N32 -> 0 | Q32: 4 | R32: =MAX(MAX(MIN(Q$3,A32),0)-N$3,0) -> 0 | S32: =R32*Q32 -> 0 | T32: 10 | U32: =MAX(MAX(MIN(T$3,A32),0)-Q$3,0) -> 0 | V32: =U32*T32 -> 0 | W32: 50 | X32: =MAX(MAX(MIN(W$3,A32),0)-T$3,0) -> 0 | Y32: =X32*W32 -> 0 | Z32: 60 | AA32: =MAX(MAX(MIN(Z$3,A32),0)-W$3,0) -> 0 | AB32: =AA32*Z32 -> 0 | AC32: 65 | AD32: =MAX(MAX(MIN(AC$3,A32),0)-Z$3,0) -> 0 | AE32: =AD32*AC32 -> 0
A33: =A32+1 -> 28 | B33: =SUM(G33,J33,M33,P33,S33,V33,Y33,AB33,AE33) -> 14 | E33: 0 | F33: =MAX(MIN(E$3,A33),0) -> 14 | G33: =F33*E33 -> 0 | H33: 1 | I33: =MAX(MAX(MIN(H$3,A33),0)-E$3,0) -> 14 | J33: =I33*H33 -> 14 | K33: 2 | L33: =MAX(MAX(MIN(K$3,A33),0)-H$3,0) -> 0 | M33: =L33*K33 -> 0 | N33: 3 | O33: =MAX(MAX(MIN(N$3,A33),0)-K$3,0) -> 0 | P33: =O33*N33 -> 0 | Q33: 4 | R33: =MAX(MAX(MIN(Q$3,A33),0)-N$3,0) -> 0 | S33: =R33*Q33 -> 0 | T33: 10 | U33: =MAX(MAX(MIN(T$3,A33),0)-Q$3,0) -> 0 | V33: =U33*T33 -> 0 | W33: 50 | X33: =MAX(MAX(MIN(W$3,A33),0)-T$3,0) -> 0 | Y33: =X33*W33 -> 0 | Z33: 60 | AA33: =MAX(MAX(MIN(Z$3,A33),0)-W$3,0) -> 0 | AB33: =AA33*Z33 -> 0 | AC33: 65 | AD33: =MAX(MAX(MIN(AC$3,A33),0)-Z$3,0) -> 0 | AE33: =AD33*AC33 -> 0
A34: =A33+1 -> 29 | B34: =SUM(G34,J34,M34,P34,S34,V34,Y34,AB34,AE34) -> 15 | E34: 0 | F34: =MAX(MIN(E$3,A34),0) -> 14 | G34: =F34*E34 -> 0 | H34: 1 | I34: =MAX(MAX(MIN(H$3,A34),0)-E$3,0) -> 15 | J34: =I34*H34 -> 15 | K34: 2 | L34: =MAX(MAX(MIN(K$3,A34),0)-H$3,0) -> 0 | M34: =L34*K34 -> 0 | N34: 3 | O34: =MAX(MAX(MIN(N$3,A34),0)-K$3,0) -> 0 | P34: =O34*N34 -> 0 | Q34: 4 | R34: =MAX(MAX(MIN(Q$3,A34),0)-N$3,0) -> 0 | S34: =R34*Q34 -> 0 | T34: 10 | U34: =MAX(MAX(MIN(T$3,A34),0)-Q$3,0) -> 0 | V34: =U34*T34 -> 0 | W34: 50 | X34: =MAX(MAX(MIN(W$3,A34),0)-T$3,0) -> 0 | Y34: =X34*W34 -> 0 | Z34: 60 | AA34: =MAX(MAX(MIN(Z$3,A34),0)-W$3,0) -> 0 | AB34: =AA34*Z34 -> 0 | AC34: 65 | AD34: =MAX(MAX(MIN(AC$3,A34),0)-Z$3,0) -> 0 | AE34: =AD34*AC34 -> 0
A35: =A34+1 -> 30 | B35: =SUM(G35,J35,M35,P35,S35,V35,Y35,AB35,AE35) -> 16 | E35: 0 | F35: =MAX(MIN(E$3,A35),0) -> 14 | G35: =F35*E35 -> 0 | H35: 1 | I35: =MAX(MAX(MIN(H$3,A35),0)-E$3,0) -> 16 | J35: =I35*H35 -> 16 | K35: 2 | L35: =MAX(MAX(MIN(K$3,A35),0)-H$3,0) -> 0 | M35: =L35*K35 -> 0 | N35: 3 | O35: =MAX(MAX(MIN(N$3,A35),0)-K$3,0) -> 0 | P35: =O35*N35 -> 0 | Q35: 4 | R35: =MAX(MAX(MIN(Q$3,A35),0)-N$3,0) -> 0 | S35: =R35*Q35 -> 0 | T35: 10 | U35: =MAX(MAX(MIN(T$3,A35),0)-Q$3,0) -> 0 | V35: =U35*T35 -> 0 | W35: 50 | X35: =MAX(MAX(MIN(W$3,A35),0)-T$3,0) -> 0 | Y35: =X35*W35 -> 0 | Z35: 60 | AA35: =MAX(MAX(MIN(Z$3,A35),0)-W$3,0) -> 0 | AB35: =AA35*Z35 -> 0 | AC35: 65 | AD35: =MAX(MAX(MIN(AC$3,A35),0)-Z$3,0) -> 0 | AE35: =AD35*AC35 -> 0
A36: =A35+1 -> 31 | B36: =SUM(G36,J36,M36,P36,S36,V36,Y36,AB36,AE36) -> 17 | E36: 0 | F36: =MAX(MIN(E$3,A36),0) -> 14 | G36: =F36*E36 -> 0 | H36: 1 | I36: =MAX(MAX(MIN(H$3,A36),0)-E$3,0) -> 17 | J36: =I36*H36 -> 17 | K36: 2 | L36: =MAX(MAX(MIN(K$3,A36),0)-H$3,0) -> 0 | M36: =L36*K36 -> 0 | N36: 3 | O36: =MAX(MAX(MIN(N$3,A36),0)-K$3,0) -> 0 | P36: =O36*N36 -> 0 | Q36: 4 | R36: =MAX(MAX(MIN(Q$3,A36),0)-N$3,0) -> 0 | S36: =R36*Q36 -> 0 | T36: 10 | U36: =MAX(MAX(MIN(T$3,A36),0)-Q$3,0) -> 0 | V36: =U36*T36 -> 0 | W36: 50 | X36: =MAX(MAX(MIN(W$3,A36),0)-T$3,0) -> 0 | Y36: =X36*W36 -> 0 | Z36: 60 | AA36: =MAX(MAX(MIN(Z$3,A36),0)-W$3,0) -> 0 | AB36: =AA36*Z36 -> 0 | AC36: 65 | AD36: =MAX(MAX(MIN(AC$3,A36),0)-Z$3,0) -> 0 | AE36: =AD36*AC36 -> 0
A37: =A36+1 -> 32 | B37: =SUM(G37,J37,M37,P37,S37,V37,Y37,AB37,AE37) -> 18 | E37: 0 | F37: =MAX(MIN(E$3,A37),0) -> 14 | G37: =F37*E37 -> 0 | H37: 1 | I37: =MAX(MAX(MIN(H$3,A37),0)-E$3,0) -> 18 | J37: =I37*H37 -> 18 | K37: 2 | L37: =MAX(MAX(MIN(K$3,A37),0)-H$3,0) -> 0 | M37: =L37*K37 -> 0 | N37: 3 | O37: =MAX(MAX(MIN(N$3,A37),0)-K$3,0) -> 0 | P37: =O37*N37 -> 0 | Q37: 4 | R37: =MAX(MAX(MIN(Q$3,A37),0)-N$3,0) -> 0 | S37: =R37*Q37 -> 0 | T37: 10 | U37: =MAX(MAX(MIN(T$3,A37),0)-Q$3,0) -> 0 | V37: =U37*T37 -> 0 | W37: 50 | X37: =MAX(MAX(MIN(W$3,A37),0)-T$3,0) -> 0 | Y37: =X37*W37 -> 0 | Z37: 60 | AA37: =MAX(MAX(MIN(Z$3,A37),0)-W$3,0) -> 0 | AB37: =AA37*Z37 -> 0 | AC37: 65 | AD37: =MAX(MAX(MIN(AC$3,A37),0)-Z$3,0) -> 0 | AE37: =AD37*AC37 -> 0
A38: =A37+1 -> 33 | B38: =SUM(G38,J38,M38,P38,S38,V38,Y38,AB38,AE38) -> 19 | E38: 0 | F38: =MAX(MIN(E$3,A38),0) -> 14 | G38: =F38*E38 -> 0 | H38: 1 | I38: =MAX(MAX(MIN(H$3,A38),0)-E$3,0) -> 19 | J38: =I38*H38 -> 19 | K38: 2 | L38: =MAX(MAX(MIN(K$3,A38),0)-H$3,0) -> 0 | M38: =L38*K38 -> 0 | N38: 3 | O38: =MAX(MAX(MIN(N$3,A38),0)-K$3,0) -> 0 | P38: =O38*N38 -> 0 | Q38: 4 | R38: =MAX(MAX(MIN(Q$3,A38),0)-N$3,0) -> 0 | S38: =R38*Q38 -> 0 | T38: 10 | U38: =MAX(MAX(MIN(T$3,A38),0)-Q$3,0) -> 0 | V38: =U38*T38 -> 0 | W38: 50 | X38: =MAX(MAX(MIN(W$3,A38),0)-T$3,0) -> 0 | Y38: =X38*W38 -> 0 | Z38: 60 | AA38: =MAX(MAX(MIN(Z$3,A38),0)-W$3,0) -> 0 | AB38: =AA38*Z38 -> 0 | AC38: 65 | AD38: =MAX(MAX(MIN(AC$3,A38),0)-Z$3,0) -> 0 | AE38: =AD38*AC38 -> 0
A39: =A38+1 -> 34 | B39: =SUM(G39,J39,M39,P39,S39,V39,Y39,AB39,AE39) -> 20 | E39: 0 | F39: =MAX(MIN(E$3,A39),0) -> 14 | G39: =F39*E39 -> 0 | H39: 1 | I39: =MAX(MAX(MIN(H$3,A39),0)-E$3,0) -> 20 | J39: =I39*H39 -> 20 | K39: 2 | L39: =MAX(MAX(MIN(K$3,A39),0)-H$3,0) -> 0 | M39: =L39*K39 -> 0 | N39: 3 | O39: =MAX(MAX(MIN(N$3,A39),0)-K$3,0) -> 0 | P39: =O39*N39 -> 0 | Q39: 4 | R39: =MAX(MAX(MIN(Q$3,A39),0)-N$3,0) -> 0 | S39: =R39*Q39 -> 0 | T39: 10 | U39: =MAX(MAX(MIN(T$3,A39),0)-Q$3,0) -> 0 | V39: =U39*T39 -> 0 | W39: 50 | X39: =MAX(MAX(MIN(W$3,A39),0)-T$3,0) -> 0 | Y39: =X39*W39 -> 0 | Z39: 60 | AA39: =MAX(MAX(MIN(Z$3,A39),0)-W$3,0) -> 0 | AB39: =AA39*Z39 -> 0 | AC39: 65 | AD39: =MAX(MAX(MIN(AC$3,A39),0)-Z$3,0) -> 0 | AE39: =AD39*AC39 -> 0
... A169: =A168+1 -> 164 | B169: =SUM(G169,J169,M169,P169,S169,V169,Y169,AB169,AE169) -> 1967 | E169: 0 | F169: =MAX(MIN(E$3,A169),0) -> 14 | G169: =F169*E169 -> 0 | H169: 1 | I169: =MAX(MAX(MIN(H$3,A169),0)-E$3,0) -> 41 | J169: =I169*H169 -> 41 | K169: 2 | L169: =MAX(MAX(MIN(K$3,A169),0)-H$3,0) -> 8 | M169: =L169*K169 -> 16 | N169: 3 | O169: =MAX(MAX(MIN(N$3,A169),0)-K$3,0) -> 32 | P169: =O169*N169 -> 96 | Q169: 4 | R169: =MAX(MAX(MIN(Q$3,A169),0)-N$3,0) -> 21 | S169: =R169*Q169 -> 84 | T169: 10 | U169: =MAX(MAX(MIN(T$3,A169),0)-Q$3,0) -> 19 | V169: =U169*T169 -> 190 | W169: 50 | X169: =MAX(MAX(MIN(W$3,A169),0)-T$3,0) -> 20 | Y169: =X169*W169 -> 1000 | Z169: 60 | AA169: =MAX(MAX(MIN(Z$3,A169),0)-W$3,0) -> 9 | AB169: =AA169*Z169 -> 540 | AC169: 65 | AD169: =MAX(MAX(MIN(AC$3,A169),0)-Z$3,0) -> 0 | AE169: =AD169*AC169 -> 0

Sheet Taxe annuelle sur les polluants
A1: Fuel type | B1: Taxe
A2: Électrique | B2: 0
A3: Hybride | B3: 100
A4: Hybride | B4: 100
A5: Essence | B5: 100
A6: Diesel | B6: 500

Sheet FuelTypes
A1: FR | B1: Type
A2: Diesel | B2: DIESEL
A3: Essence | B3: PETROL
A4: Électrique | B4: ELECTRIC
A5: Hybride | B5: HYBRID
